General information
- name: grudge23
- type: Ladder 1vs1/FFA
- host: BEAR_AND
- saver: BEAR_AND
map: FrostedMeadows
- players: 7
- length: 05:01
- speed: Fast
- version: 1.21 W3XP
- replay type:

» download(17 KB)
Players
team 1 (loser)
WWGT]Amora (
teal | 111 APM | 554 actions | 05:00)
1 Demon Hunter
1 Mana Burn
» actions
| Assign group hotkey | 6 | |
| Basic commands | 5 | |
| Build / train | 28 | |
| ESC pressed | 4 | |
| Enter build submenu | 7 | |
| Enter hero's abilities submenu | 1 | |
| Remove unit from queue | 1 | |
| Right click | 298 | |
| Select / deselect | 76 | |
| Select group hotkey | 105 | |
| Use ability | 23 | |
554 total
» units
» buildings
| Altar of Elders | 1 | |
| Moon Well | 5 | |
| Ancient of War | 1 | |
| Tree of Ages | 4 | |
11 total
» build order
00:07 Altar of Elders
00:20 Moon Well
00:47 Ancient of War
01:31 Moon Well
02:38 Tree of Ages
02:38 Tree of Ages
02:38 Tree of Ages
02:53 Moon Well
03:08 Moon Well
04:33 Moon Well
team 2 (winner)

»
WWGT]POLO (
orange | 74 APM | 370 actions | 05:01)
2 Far Seer
1 Feral Spirit
1 Chain Lighting
» actions
| Assign group hotkey | 5 | |
| Basic commands | 1 | |
| Build / train | 17 | |
| Enter build submenu | 6 | |
| Enter hero's abilities submenu | 2 | |
| Right click | 170 | |
| Select / deselect | 136 | |
| Select group hotkey | 20 | |
| Use ability | 13 | |
370 total
» units
» buildings
| Altar of Storms | 1 | |
| Orc Burrow | 3 | |
| Barracks | 1 | |
| Voodoo Lounge | 1 | |
| Stronghold | 1 | |
7 total
» build order
00:06 Altar of Storms
00:11 Orc Burrow
00:32 Barracks
01:45 Orc Burrow
01:59 Voodoo Lounge
03:37 Stronghold
04:29 Orc Burrow
observersBEAR_AND,
ActionJackson2,
iggy_the_fisk,
DIRTMCWORDUP,
ElectricCoolAid Chat log
(00:11 / Observers) DIRTMCWORDUP: who is amora
(00:28 / Observers) ActionJackson2: im bout to chow down on cambell's chunky with southern veggies soup
(00:35 / All) WWGT]POLO: im so nervous rite now
(00:35 / Observers) DIRTMCWORDUP: ill give you some chunky soup
(00:37 / Observers) ActionJackson2: hope that didn't make everyone jealous
(00:45 / All) WWGT]Amora: me 2
(00:46 / Observers) ActionJackson2: I didn't mean to rub that in
(00:50 / All) WWGT]POLO: my hands
(00:53 / All) WWGT]POLO: there shakin
(00:56 / Observers) DIRTMCWORDUP: i had filet mignon & potatoes & salad for dinner
(01:00 / Observers) ActionJackson2: k what are the odds on this game
(01:02 / Observers) BEAR_AND: i had perogies.
(01:12 / Observers) ActionJackson2: bear what's the odds
(01:25 / All) WWGT]POLO: lol whoops
(02:38 / Observers) iggy_the_fisk: zzz this game come on
(02:49 / Observers) ElectricCoolAid: 0_0
(02:52 / Observers) ElectricCoolAid: nice discharge
(02:56 / Observers) ElectricCoolAid: detonate
(02:57 / Observers) ElectricCoolAid: i mean
(02:58 / Observers) DIRTMCWORDUP: detonate***
(03:05 / Observers) ElectricCoolAid: 0_0
(03:07 / Observers) iggy_the_fisk: 2xxxxx
(03:07 / Observers) DIRTMCWORDUP: i discharged in your mom lmfao..........
(03:22 / Observers) ElectricCoolAid: can i play next game?
(03:27 / Observers) iggy_the_fisk: what
(03:27 / Observers) BEAR_AND: this is a tournament game
(03:28 / Observers) ElectricCoolAid: hehe
(03:32 / Observers) ElectricCoolAid: i know
(03:36 / Observers) iggy_the_fisk: hmmmm nope
(03:40 / Observers) BEAR_AND: highper.ch/t/
(03:45 / Observers) BEAR_AND: for bracket
(03:50 / Observers) DIRTMCWORDUP: why couldnt i get people like this for my round 2.
(04:15 / Observers) ActionJackson2: ECA did you have a super spectacular wonderful day?
(04:20 / Observers) ElectricCoolAid: hehe no
(04:34 / Observers) ElectricCoolAid: still hard sleeping alone
(04:44 / Observers) iggy_the_fisk: u gon res hero
(04:44 / Observers) iggy_the_fisk: or
(04:50 / Observers) ActionJackson2: that's why I got a real doll
(04:54 / Observers) ElectricCoolAid: damn
(04:55 / Observers) ElectricCoolAid: i should
(04:57 / All) WWGT]Amora: uh god im a noob
(04:58 / All) WWGT]Amora: gg
(05:00 / All) WWGT]POLO: gg